AoeStats
← Juyhou

Nomad

508272855Analyzed
4v4 RM · 11d ago on Sep 21, 2026· 47m 56s· 8 players
Game mode
Random Map
Map size
231×231
Population
200
Speed
Normal
Resources
Standard
Victory
Conquest
Starting age
Dark Age
Ending age
Imperial Age
RankedLock teamsTeams togetherTeam positionsShared explorationLock speedFull tech treeHidden civsTurbo modeCheats
Victory
Defeat
🇫🇮 Sicilians · Finland
1763
+11
🇫🇮 Celts · Finland
1665
+15
🇫🇮 Britons · Finland
1644
+16
🇫🇮 Saracens · Finland
1631
+16
🇲🇽 Magyars · Mexico
1697
-17
🇦🇷 Burgundians · Argentina
1657
-15
🇸🇮 Tatars · Slovenia
1617
-13
🇺🇸 Aztecs · United States
1603
-13
|Thepejezombie
9:53 Loom
12:44 Feudal Age
14:13 Town Watch
17:36 Castle Age
16:00 Double-Bit Axe
18:42 Bow Saw
23:07 Horse Collar
32:46 Imperial Age
31:10 Bloodlines
31:01 Husbandry
31:08 Scale Barding Armor
31:59 Wheelbarrow
32:53 Cavalier
40:00 Chain Barding Armor
40:22 Fletching
41:01 Hand Cart
41:16 Bodkin Arrow
43:07 Conscription
43:31 Plate Barding Armor
44:11 Bracer
44:12 Padded Archer Armor
43:54 Elite Skirmisher
45:54 Leather Archer Armor
A spoon full of love
4:25 Loom
13:41 Feudal Age
18:05 Castle Age
22:08 Double-Bit Axe
23:03 Horse Collar
24:20 Heavy Plow
29:49 Bow Saw
31:11 Wheelbarrow
31:13 Fletching
31:18 Gold Mining
33:04 Gold Shaft Mining
33:04 Bodkin Arrow
34:04 Ballistics
37:23 Imperial Age
35:13 Padded Archer Armor
37:27 Heavy Cavalry Archer
38:18 Elite Skirmisher
39:29 Bracer
AquaGeto
4:47 Loom
13:26 Feudal Age
13:57 Double-Bit Axe
14:29 Gold Mining
20:57 Castle Age
21:50 Medium Warships
21:56 Bow Saw
25:33 Horse Collar
30:59 Wheelbarrow
31:05 Stone Mining
33:20 Hand Cart
33:12 Heavy Plow
37:54 Imperial Age
36:36 Scale Mail Armor
36:46 Forging
37:34 Chain Mail Armor
38:34 Fletching
38:22 Capped Ram
40:23 Plate Mail Armor
42:12 Conscription
42:23 Elite Jaguar Warrior
45:56 Chemistry
45:39 Garland Wars
45:50 Plate Mail Armor
45:55 Iron Casting
46:28 Onager
EL_REY_TUT
5:13 Loom
5:30 Loom
12:19 Feudal Age
11:17 Double-Bit Axe
13:12 Bow Saw
13:03 Town Watch
14:11 Fishing Lines
17:41 Fletching
29:54 Horse Collar
34:47 Castle Age
33:30 Gold Mining
35:41 Wheelbarrow
35:01 Crossbowman
35:36 Bodkin Arrow
41:31 Ballistics
42:10 Gold Shaft Mining
Morso
6:31 Loom
11:46 Feudal Age
11:48 Man-at-Arms
18:02 Castle Age
16:26 Double-Bit Axe
17:06 Arson
23:12 Wheelbarrow
23:28 Bow Saw
25:03 Gold Mining
26:19 Fishing Lines
27:40 Medium Warships
33:24 Gillnets
35:22 Hand Cart
38:50 Imperial Age
39:05 Fletching
39:16 Scale Mail Armor
39:26 Forging
39:19 Heavy Scorpion
39:20 Capped Ram
40:05 Stone Mining
42:47 Conscription
41:57 Siege Ram
43:50 Conscription
44:09 Chain Mail Armor
44:20 Masonry
46:08 Plate Mail Armor
48:04 Iron Casting
48:09 Ballistics
48:11 Siege Engineers
30Markus
5:10 Loom
12:49 Feudal Age
13:35 Double-Bit Axe
19:50 Fletching
25:33 Castle Age
28:17 Bodkin Arrow
33:25 Fishing Lines
37:29 Wheelbarrow
45:12 Bow Saw
47:16 Hand Cart
Pahvi0
9:18 Loom
11:38 Feudal Age
17:59 Castle Age
16:27 Gold Mining
16:17 Horse Collar
16:31 Double-Bit Axe
18:02 Fletching
18:53 Medium Warships
18:53 Bodkin Arrow
25:03 Horse Collar
26:19 Fishing Lines
30:20 Wheelbarrow
29:47 Gillnets
32:15 Bow Saw
32:07 Heavy Plow
32:44 Gold Shaft Mining
33:41 Hand Cart
36:07 Imperial Age
34:42 Scale Mail Armor
34:53 Forging
35:57 Chain Mail Armor
38:02 Chemistry
37:41 Plate Mail Armor
37:33 Conscription
38:28 Iron Casting
39:08 Ballistics
38:17 Elite Mameluke
39:36 Siege Engineers
40:46 Blast Furnace
40:51 Hoardings
40:39 Husbandry
41:22 Bloodlines
41:23 Bracer
41:25 Stone Mining
43:40 Squires
43:26 Arson
43:28 Gambesons
44:47 Masonry
44:33 Murder Holes
45:05 Crossbowman
45:51 Thumb Ring
46:04 Padded Archer Armor
45:25 Elite Skirmisher
46:05 Arbalester
Juyhou
4:30 Loom
13:58 Feudal Age
17:28 Castle Age
15:29 Double-Bit Axe
16:21 Fishing Lines
18:24 Bow Saw
18:29 Gillnets
19:03 Gillnets
20:32 Horse Collar
24:58 Wheelbarrow
26:28 Town Watch
26:59 Hand Cart
27:02 Fletching
27:39 Scale Mail Armor
27:46 Squires
28:33 First Crusade
29:33 Chain Mail Armor
32:37 Imperial Age
30:14 Gold Mining
30:39 Forging
31:00 Heavy Plow
32:33 Iron Casting
32:41 Arson
32:41 Elite Serjeant
33:53 Plate Mail Armor
34:02 Conscription
34:45 Blast Furnace
33:24 Capped Ram
34:36 Guilds
34:09 Siege Ram
35:57 Stone Mining
36:43 Gold Shaft Mining
37:28 Scale Barding Armor
37:18 Bodkin Arrow
37:23 Padded Archer Armor
36:44 Pikeman
37:47 Ballistics
38:31 Crop Rotation
39:28 Chemistry
38:14 Arrowslits
38:33 Halberdier
40:10 Hoardings
39:51 Bracer
40:38 Masonry
Connection lost

Rejoining the realm…

Still unreachable

The connection could not be restored.

Session expired

The server has moved on; the page needs a fresh start.